 Dungeon Crawl Stone Soup version 0.30.0-29-ga12c61a403 (webtiles) character file.

Game seed: 2170877390717827277

46 DildoBatman the Conjurer (level 3, -2/25 (26) HPs)
             Began as a Formicid Conjurer on June 7, 2023.
             Was an Initiate of Kikubaaqudgha.
             Succumbed to a scorpion's poison
             ... on level 4 of the Dungeon.
             The game lasted 00:04:46 (2122 turns).

DildoBatman the Conjurer (Formicid Conjurer)        Turns: 2122, Time: 00:04:47

HP:   -2/25 (26)    AC:  2    Str: 11    XL:     3   Next: 95%
MP:   1/6           EV: 12    Int: 19    God:    Kikubaaqudgha [......]
Gold: 76            SH:  0    Dex: 12    Spells: 4/7 levels left

rFire   . . .        b - +0 dagger
rCold   . . .        (no shield)
rNeg    . . .        n - +0 robe
rPois   .            (helmet unavailable)
rElec   .            (no cloak)
rCorr   .            (no gloves)
SInv    +            (no boots)
Will    .....        (no amulet)
Stlth   ++           (no ring)
HPRegen 0.24/turn    (no ring)
MPRegen 0.10/turn

%: no passive effects
@: lethally poisoned (-2 -> -18), weak-willed, lightly drained
A: permanent stasis, dig shafts and tunnels, antennae 3, four strong arms
a: Dig, Shaft Self, Renounce Religion


You were on level 4 of the Dungeon.
You worshipped Kikubaaqudgha.
Kikubaaqudgha was noncommittal.
You visited 2 branches of the dungeon, and saw 4 of its levels.

You collected 76 gold pieces.

Inventory:

Hand Weapons
 a - a +0 sling
 b - a +0 dagger (weapon)
Armour
 n - a +0 robe (worn)
Scrolls
 g - a scroll of teleportation {unknown}
 h - a scroll of noise {unknown}
 i - a scroll of vulnerability
 j - a scroll of poison {unknown}
 k - a scroll of fog {unknown}
 m - a scroll of enchant armour {unknown}
Potions
 c - a potion of brilliance {unknown}
 d - 2 potions of curing {unknown}
 e - a potion of heal wounds {unknown}
 f - a potion of magic
 l - 2 potions of haste {unknown}
 o - 2 potions of cancellation {unknown}
 p - a potion of berserk rage {unknown}


   Skills:
 * Level 1.1 Fighting
 * Level 1.2 Armour
 * Level 2.2 Dodging
 - Level 3.0 Stealth
 * Level 2.5 Spellcasting
 * Level 3.8 Conjurations


You had 4 spell levels left.
You knew the following spells:

 Your Spells              Type           Power      Damage    Failure   Level
a - Searing Ray           Conj           34%        2d5       4%          2
c - Magic Dart            Conj           68%        1d6       3%          1

Your spell library contained the following spells:

 Spells                   Type           Power      Damage    Failure   Level
 Dazzling Flash           Conj/Hex       18%        N/A       22%         3
 Fulminant Prism          Conj/Hex       4%         3d5       58%         4
 Iskenderun's Mystic Bla  Conj/Tloc      9%         2d4       58%         4


Dungeon Overview and Level Annotations

Branches:
Dungeon (4/15)             Temple (1/1) D:4

Altars:
Cheibriados
Elyvilon
Fedhas
Hepliaklqana
Kikubaaqudgha
Nemelex Xobeh
Okawaru
Qazlal
Ru
Sif Muna
Vehumet
Xom
Zin

Annotations:
D:2 Terence


Innate Abilities, Weirdness & Mutations

You cannot be hasted, slowed, berserked, paralysed or teleported.
You can dig through walls and to a lower floor.
You have a pair of large antennae on your head. (SInv)
Your four strong arms can wield two-handed weapons with a shield.


Message History

The searing ray hits the scorpion.
The scorpion is lightly wounded. (Press . to maintain the ray.)
The searing ray hits the scorpion!
The scorpion is severely wounded.
The searing ray hits the scorpion.
The scorpion is almost dead.
The searing ray hits the scorpion but does no damage.
The scorpion is almost dead.
You finish channelling your searing ray.
The scorpion closely misses you.
Casting: Searing Ray (safe; 4% risk of failure)
Confirm with . or Enter, or press ? or * to list all spells.
Aiming: Magic Dart (safe; 3% risk of failure)
Press: ? - help, Shift-Dir - straight line, f/p - scorpion
Aim: a scorpion (almost dead, weak-willed, 100% to hit)
The magic dart hits the scorpion but does no damage.
The scorpion is almost dead.
The scorpion misses you. The scorpion closely misses you.
b - a +0 dagger (weapon)
You hit the scorpion.
The scorpion is almost dead.
The scorpion closely misses you.
You hit the scorpion but do no damage.
The scorpion is almost dead.
The scorpion stings you.
You are poisoned.
The scorpion poisons you! The scorpion stings you!
You are lethally poisoned!
The scorpion poisons you!
You closely miss the scorpion.
The scorpion is almost dead.
You feel very sick. The scorpion stings you!
You hit the scorpion but do no damage.
The scorpion is almost dead.
You die...
Kikubaaqudgha rasps: "You have failed me!
Welcome... death!"

####### ###.....# ..'.....#
..#.....# ..#.....#
..#.....# ..#.....#########
..#.............############
..#.............@..........#
..#.............s..........#
...........................#
..##.......................#
..##....########...........#
........#......#.....#######
>.....###......#.....#
........#......#.....#
..##....+......#.....#


You could see a scorpion (weak-willed).

Vanquished Creatures
  2 worms
  A dart slug (D:1)
  4 endoplasms
  A giant cockroach (D:1)
  3 goblins
  3 hobgoblins (D:1)
  4 jackals (D:1)
  A quokka (D:2)
  4 ball pythons
  5 bats
  3 frilled lizards
  3 kobolds
  3 rats
37 creatures vanquished.

Notes
Turn   | Place    | Note
-------+----------+-------------------------------------------
     0 | D:1      | DildoBatman the Formicid Conjurer began the quest for the
                  | Orb.
     0 | D:1      | Reached XP level 1. HP: 13/13 MP: 3/3
   173 | D:1      | Reached XP level 2. HP: 20/20 MP: 0/5
   176 | D:1      | Learned a level 2 spell: Searing Ray
   573 | D:1      | Reached XP level 3. HP: 25/25 MP: 3/6
   780 | D:1      | Reached skill level 1 in Armour
  1109 | D:2      | Reached skill level 1 in Fighting
  1269 | D:2      | Noticed Terence
  1851 | D:2      | You fall into a shaft and drop 2 floors!
  1974 | D:4      | Found a staircase to the Ecumenical Temple.
  1987 | Temple   | Entered the Ecumenical Temple
  2053 | Temple   | Became a worshipper of Kikubaaqudgha
  2109 | D:4      | Noticed a scorpion
  2122 | D:4      | Succumbed to a scorpion's poison

Illustrated notes

Levels and vault maps discovered:
D:1:      lightli_arrival_noodles, layout_loops_ring
D:2:      layout_basic, minivault_27, uniq_terence
D:4:      layout_gridville, minmay_temple_entry_stoned_glass, serial_shops,
          shop, pf_guarded_unrand_meek, uniq_eustachio, uniq_duvessa
Temple:   nicolae_temple_god_jail

Skill      XL: |  1  2  3 |
---------------+----------+-----
Dodging        | 2 |  2.2
Armour         | 1 |  1.2
Fighting       | 1 |  1.1
Stealth        | 3 |  3.0
Spellcasting   | |  2.5
Conjurations   | |  3.8

Action                     || total
---------------------------++-------
  Melee: Unarmed           ||    17
         Punch             ||     1
         Dagger            ||    10
   Fire: Sling             ||     5
   Cast: Magic Dart        ||    42
         Searing Ray       ||     9
Ability: Dig               ||     1
         Shaft Self        ||     1
    Use: Scroll            ||     1
 Armour: Robe              ||     8
  Dodge: Dodged            ||    25
